 Dungeon Crawl Stone Soup version 0.29-a0-194-g6e3aafee17 (webtiles) character file.

Game seed: 9951013698994295454

3 siradein the Skirmisher (level 1, -1/18 HPs)
             Began as a Formicid Abyssal Knight on Feb 22, 2022.
             Was a Follower of Lugonu.
             Succumbed to a goblin's poison
             ... on level 1 of the Dungeon.
             The game lasted 00:00:44 (297 turns).

siradein the Skirmisher (Formicid Abyssal Knight)    Turns: 297, Time: 00:00:45

Health: -1/18      AC:  5    Str: 17    XL:     1   Next: 55%
Magic:  2/2        EV: 10    Int:  9    God:    Lugonu [*.....]
Gold:   21         SH:  0    Dex: 11    Spells: 0/0 levels left

rFire   . . .      SeeInvis +   a - +1 spear
rCold   . . .      Faith    .   (no shield)
rNeg    . . .      Spirit   .   d - +0 ring mail
rPois   .          Reflect  .   (helmet unavailable)
rElec   .          Harm     .   (no cloak)
rCorr   .          Rampage  .   (no gloves)
Will    .....                   (no boots)
Stlth   +.........              (no amulet)
HPRegen 0.06/turn               (no ring)
MPRegen 0.08/turn               (no ring)

@: lethally poisoned (-1 -> -20)
A: permanent stasis, dig shafts and tunnels, antennae 3, four strong arms
a: Dig, Shaft Self, Renounce Religion, Depart the Abyss


You were on level 1 of the Dungeon.
You worshipped Lugonu.
Lugonu was aware of your devotion.
You visited 1 branch of the dungeon, and saw 1 of its levels.
You visited the Abyss 1 time.

You collected 21 gold pieces.

Inventory:

Hand Weapons
 a - a +1 spear (weapon)
Armour
 d - a +0 ring mail (worn)
Scrolls
 b - a scroll of teleportation {unknown}
 c - 5 scrolls of identify {unknown}


   Skills:
 + Level 3.3 Fighting
 + Level 2.0 Polearms
 + Level 2.2 Armour
 + Level 1.0 Dodging
 + Level 2.2 Invocations


You couldn't memorise any spells.
You didn't know any spells.
Your spell library contained the following spells:

 Spells                   Type           Power      Damage    Failure   Level
 Conjure Flame            Conj/Fire      0%         6-21      91%         3
 Ignite Poison            Fire/Tmut/Pois 0%         N/A       91%         3
 Sticky Flame             Conj/Fire      0%         2d3       100%        4


Dungeon Overview and Level Annotations

Branches:
Dungeon (1/15)

Altars:


Innate Abilities, Weirdness & Mutations

You cannot be hasted, slowed, berserked, paralysed or teleported.
You can dig through walls and to a lower floor.
You have a pair of large antennae on your head. (SInv)
Your four strong arms can wield two-handed weapons with a shield.


Message History

No target in view!
No target in view!
No target in view!
No target in view!
No target in view!
You hit the quokka.
You kill the quokka!
Lugonu accepts your kill.
Your Dodging skill increases to level 1!
No target in view!
No target in view!
No target in view!
No target in view!
c - 5 scrolls labelled LOIS NEATEBB (gained 3)
You sense a monster nearby.
Found a stone staircase leading down.
A goblin comes into view. It is wielding a +2 dagger of venom.
There is a stone staircase leading down here.
A goblin is nearby!
A goblin is nearby!
A goblin is nearby!
A goblin is nearby!
A goblin is nearby!
You reach to attack!
You barely miss the goblin. You barely miss the goblin.
The goblin hits you with a +2 dagger of venom.
You are poisoned.
You barely miss the goblin.
You feel very sick.
The goblin hits you with a +2 dagger of venom.
You are more poisoned.
You are too injured to fight recklessly!
You are too injured to fight recklessly!
You are too injured to fight recklessly!
You are too injured to fight recklessly!
You are too injured to fight recklessly!
You are too injured to fight recklessly!
* * * LOW HITPOINT WARNING * * *
You feel very sick.
You die...

#...#.#..# #####..#
#...#.#..# #......#
... #.#..##
#.###.## #..#
#.#...# .##.##..#
#....####
........#####.....#
#g...##.###.#
#.##.#....#
#@##.###.##
#.........#
#..#.######
#..#......#
#..######.# ...#
##... ####


You could see a goblin.

Vanquished Creatures
  A ball python (D:1)
  A quokka (D:1)
  A bat (D:1)
3 creatures vanquished.

Notes
Turn   | Place    | Note
-------+----------+-------------------------------------------
     0 | Abyss:1  | siradein the Formicid Abyssal Knight began the quest for
                  | the Orb.
     0 | Abyss:1  | Reached XP level 1. HP: 18/18 MP: 2/2
    82 | D:1      | Escaped the Abyss
   254 | D:1      | Reached skill level 1 in Dodging
   297 | D:1      | Succumbed to a goblin's poison

Illustrated notes

Levels and vault maps discovered:
D:1:      dpeg_arrival_rhombus, layout_basic, lemuel_another_geyser

Skill      XL: |  1 |
---------------+----+-----
Dodging        | 1 |  1.0
Fighting       | |  3.3
Polearms       | |  2.0
Armour         | |  2.2
Invocations    | |  2.2

Action                   || total
-------------------------++-------
Melee: Spear             ||     9
Armor: Ring mail         ||     4
Dodge: Dodged            ||     2

Table legend: (Time is in decaauts)
 A = Elapsed time spent in this place.
 B = Non-inter-level travel time spent in this place.
 C = Inter-level travel time spent in this place.
 D = Time resting spent in this place.
 E = Time spent auto-exploring this place.
 F = Levels seen in this place.
 G = Mean time per level.
                   A        B        C        D        E       F      G
               +--------+--------+--------+--------+--------+-----+--------+
         Total |    296 |    296 |      0 |      0 |    233 |   2 |  148.0 |
       Dungeon |    214 |    214 |      0 |      0 |    156 |   1 |  214.0 |
         Abyss |     82 |     82 |      0 |      0 |     77 |   1 |   82.0 |
               +--------+--------+--------+--------+--------+-----+--------+

Top non-repeatable levels by time:
     D:1: 214 daAuts
 Abyss:1: 82 daAuts
